[Event "Reykjavik Open 2024"]
[Site "Reykjavik"]
[Date "2024.03.18"]
[Round "6.15"]
[White "Hjartarson, Johann"]
[Black "Sushanth Kamabathula"]
[Result "1/2-1/2"]
[ECO "E92"]
[WhiteElo "2460"]
[BlackElo "1918"]
[Annotator "TA"]
[PlyCount "116"]
[EventDate "2024.03.12"]
[EventCountry "ISL"]
[SourceTitle "playchess.com"]
[Source "ChessBase"]
[SourceQuality "1"]
[TimeControl "40/5400+30:1800+30"]

1. c4 Nf6 2. Nc3 g6 3. e4 d6 4. d4 Bg7 5. Nf3 O-O 6. Be2 e5 7. d5 Nbd7 8. Be3 a5 9. O-O Ng4 10. Bg5 f6 11. Bh4 Nc5 12. Nd2 Nh6 13. f3 b6 14. b3 Rf7 15. a3 {[%emt 0:02:09] White is slightly better.} Bf8 16. b4 Nb7 17. Nb3 Qe8 18. Bf2 f5 19. c5 fxe4 (19... dxc5 $14 20. bxc5 Nxc5) 20. Bb5 (20. Nxe4 a4 $14) (20. fxe4 $6 dxc5 21. bxa5 Nxa5 $11) (20. cxb6 exf3 21. Bxf3 axb4 22. axb4 Rxa1 23. Qxa1 cxb6 $16) (20. c6 $16 Nd8 21. fxe4 (21. Nxe4 Nf5 $18)) 20... Qe7 21. Nxe4 (21. cxb6 exf3 22. gxf3 Bh3) 21... a4 22. Nbd2 (22. cxd6 {simplifies} Nxd6 23. Nxd6 cxd6 24. Nd2) 22... bxc5 23. bxc5 Nxc5 24. Nxc5 dxc5 25. Ne4 Nf5 {[%emt 0:02:46] Prevents Be3} 26. Bc6 {[%emt 0:03:27] White has more active pieces.} (26. Nxc5 Ra5 27. Qd3 (27. Bxa4 $2 Rxc5 28. Re1 Rc3 $19) 27... Nd4 28. Bxd4 exd4 $15) 26... Rb8 27. Bxc5 ({Don't play} 27. Nxc5 Nd4 28. Ne4 (28. Nxa4 Qg5 $15) 28... Bf5 $14) 27... Nd6 ({Black should try} 27... Qd8) 28. Qxa4 $16 Bf5 29. Rae1 Bxe4 30. Rxe4 Qg5 31. Rg4 (31. Ree1 $5) 31... Qd2 ({Better is} 31... Qf5 $1 $14) 32. Qd1 Qa5 33. Bxd6 (33. Bb4 $14 Qb6+ 34. Kh1) 33... Bxd6 $11 34. a4 Rb2 35. Kh1 Rf8 36. Qc1 Rfb8 37. Bb5 Qd2 38. h4 Qxc1 39. Rxc1 Ra2 40. h5 Kf7 41. h6 Kf6 42. Rgc4 Rb7 43. Rg4 Rb6 44. Kg1 Rd2 45. Bc6 (45. Kf1 $11) 45... Ra2 (45... Rbb2 $15 {is superior.}) 46. Kf1 (46. Bb5 $11 {feels stronger.}) 46... Rbb2 $15 {[%emt 0:00:00][%cal Od6c5][%mdl 1024] [#] ...Bc5! would now be deadly. Black has compensation.} 47. Kg1 $1 Rb6 (47... Rd2 $5) 48. Bd7 g5 49. Bb5 Kg6 50. Rgc4 Rb7 51. R4c2 Rxc2 (51... Ra3 $1 $11) 52. Rxc2 $14 Kxh6 $11 {[%emt 0:00:00][%mdl 4096] Endgame. KRB-KRB} 53. g4 Kg6 54. Bd3+ Kg7 55. a5 Rb3 {[%emt 0:00:00] The position is equal.} 56. Be2 Ra3 {[%emt 0:00:00] Wards off Ra2} 57. a6 e4 58. fxe4 Kf6 {[%emt 0:00:00] Weighted Error Value: White=0.17 (very precise) /Black=0.15 (very precise) .  Mistake:       	White=4     	Black=5      Inaccurate:     	White=5     	Black=3      OK:         	White=17    	Black=18     Best:        	---       	Black=1      Strong:       	White=1     	---} 1/2-1/2

[Event "Reykjavik Open 2024"]
[Site "Reykjavik"]
[Date "2024.03.18"]
[Round "6.16"]
[White "Ivanchuk, Vasyl"]
[Black "Xu, Yuanyuan"]
[Result "1-0"]
[ECO "B19"]
[WhiteElo "2625"]
[BlackElo "2288"]
[Annotator "TA"]
[PlyCount "131"]
[EventDate "2024.03.12"]
[EventCountry "ISL"]
[SourceTitle "playchess.com"]
[Source "ChessBase"]
[SourceQuality "1"]
[TimeControl "40/5400+30:1800+30"]

1. e4 c6 2. d4 d5 3. Nd2 dxe4 4. Nxe4 Bf5 5. Ng3 Bg6 6. Nf3 e6 7. h4 h6 8. h5 Bh7 9. Bd3 Bxd3 10. Qxd3 Nf6 11. Bd2 Be7 12. O-O-O O-O 13. Kb1 c5 14. Ne4 Nc6 15. Be3 {[%emt 0:11:20] The position is equal.} Nb4 16. Nxf6+ Bxf6 17. Qb3 Nd5 18. dxc5 Qa5 19. Nd2 (19. Qxb7 $2 {perishes.} Rab8 $19) 19... Nxe3 20. Qxe3 Qb5 21. c3 b6 22. Ne4 {[%emt 0:09:58] Hoping for Nxf6+.} Be7 23. Qd3 Qc6 24. Qf3 {[%emt 0:00:08][%cal Oe4f6] Strongly threatening Nf6+!} Rfc8 25. Rd3 f5 26. Nd2 {[%emt 0:03:02] White is more active.} Qxf3 27. Nxf3 {[%emt 0:00:05] Black must now prevent cxb6.} Bxc5 28. Rd2 Rd8 29. Re2 Rd5 30. Kc2 b5 31. Rhe1 f4 32. b4 Bb6 33. Ne5 (33. Rd2 $14) 33... Kh7 (33... a5 $1 $11) 34. g4 (34. Rd1 $1 $16) 34... fxg3 $11 35. fxg3 Rf8 (35... a5 $11 36. Nd3 axb4 37. Rxe6 Ba5) 36. g4 $14 {[%emt 0:01:28] Ng6 would now be deadly.} Rf4 {[%emt 0:00:31] White stays focused until the end.} (36... Rc8 $1 $14) 37. Re4 $1 $36 {[%emt 0:00:13][%mdl 2048] White is on the roll.} Rf2+ 38. R1e2 Rxe2+ 39. Rxe2 {[%emt 0:00:00][%mdl 4096] Endgame. KRB-KRN} Kg8 40. Kb3 $1 Kf8 (40... a6 $16) 41. a4 $1 $18 a6 {[%emt 0:03:56] [#]} 42. c4 $1 bxc4+ 43. Nxc4 (43. Kxc4 Rd1 $14) 43... Bc7 (43... Bg1 44. Rxe6 Rd3+ 45. Kc2 Rg3) 44. Rxe6 Rd3+ 45. Kc2 Rd4 46. Kc3 Rxg4 47. Rxa6 Rg5 (47... Rg3+ $142 48. Kd4 Kg8 49. Ra8+ Kh7) 48. a5 Bg3 49. Ra8+ Ke7 50. a6 {[%emt 0:00:00] a7 is the strong threat.} Be1+ 51. Kb3 {[%emt 0:00:00] Threatens to win with a7.} Rb5 {[%emt 0:03:09] [#]} 52. Re8+ $3 {[%emt 0:00:00][%mdl 512] White mates.} Kxe8 53. Nd6+ Kd7 54. Nxb5 {[%emt 0:00:00] KB-KN} Kc6 55. Nd4+ Kb6 {[%emt 0:00:13] [#]} 56. b5 $1 Bh4 57. Kc4 Bg5 58. Ne6 Bf6 59. Nf4 Bh4 60. Nd5+ Ka7 61. Kc5 Bf2+ 62. Kc6 Bd4 63. Nf4 Bf6 64. Ne6 Be5 65. b6+ Kxa6 66. Nc7+ {[%emt 0:00:00] Weighted Error Value: White=0.07 (flawless) /Black=0.28 (precise) .  Mistake:       	White=2     	Black=6      Inaccurate:     	White=1     	Black=4      OK:         	White=15    	Black=16     Best:        	White=2     	Black=2      Strong:       	White=4     	---} 1-0

[Event "Reykjavik Open 2024"]
[Site "Reykjavik"]
[Date "2024.03.18"]
[Round "6.17"]
[White "Galperin, Platon"]
[Black "Unzicker, Ferdinand"]
[Result "1-0"]
[ECO "A07"]
[WhiteElo "2555"]
[BlackElo "2284"]
[Annotator "TA"]
[PlyCount "58"]
[EventDate "2024.03.12"]
[EventCountry "ISL"]
[SourceTitle "playchess.com"]
[Source "ChessBase"]
[SourceQuality "1"]
[TimeControl "40/5400+30:1800+30"]

1. Nf3 d5 2. g3 c6 3. Bg2 Bg4 4. h3 Bh5 5. c4 e6 6. O-O Nd7 7. d4 Bd6 8. Nc3 {[%emt 0:01:15] White has an edge.} Ne7 9. Qb3 Qb6 10. e4 Qxb3 11. axb3 O-O 12. Nh4 dxe4 13. Nxe4 Bc7 14. Bd2 Rfd8 15. Bb4 Ng6 16. Nf3 Ngf8 {[%emt 0:01:52] Black is weak on the dark squares} 17. Bd6 Rdc8 {[%emt 0:01:18] Hoping for ...f5.} 18. Ne5 {[%emt 0:01:50] White is much more active.} f6 19. Nxd7 Nxd7 20. Rfe1 Bf7 21. Bxc7 Rxc7 22. Nd6 a6 {[%emt 0:11:15] [#]} (22... Kf8 $16 {might work better.}) 23. d5 e5 (23... cxd5 $14 24. cxd5 exd5) 24. dxc6 $16 bxc6 25. b4 $36 {[%emt 0:00:41][%mdl 2048] Prevents Nc5. Strongly threatening b5. White is in control.} Rb8 26. Rxa6 Rxb4 27. Rxc6 ({Inferior is} 27. Bxc6 Nb8 (27... Rxb2 $2 {loses.} 28. Bxd7 g6 29. Bc6 $18) 28. Nxf7 Nxa6 $17) 27... Rxc6 28. Bxc6 Rb6 $2 {[%emt 0:00:35] [#]} (28... Be6 $16) 29. Nc8 $1 $18 Bxc4 {[%emt 0:01:58] Weighted Error Value: White=0.13 (very precise) /Black=0.27 (precise) .  Loses game:     	---       	Black=1      Mistake:       	White=1     	Black=3      Inaccurate:     	---       	Black=3      OK:         	White=10    	Black=6      Best:        	White=2     	Black=1      Strong:       	White=1     	---} (29... Rxc6 $2 {is the wrong capture.} 30. Ne7+ Kf8 31. Nxc6) (29... Rxb2 $142 30. Bxd7 Bxc4) 1-0

[Event "Reykjavik Open 2024"]
[Site "Reykjavik"]
[Date "2024.03.18"]
[Round "6.18"]
[White "Stanford, Maxim Barth"]
[Black "Fernandez, Daniel Howard"]
[Result "0-1"]
[ECO "B12"]
[WhiteElo "2275"]
[BlackElo "2532"]
[Annotator "TA"]
[PlyCount "80"]
[EventDate "2024.03.12"]
[EventCountry "ISL"]
[SourceTitle "playchess.com"]
[Source "ChessBase"]
[SourceQuality "1"]
[TimeControl "40/5400+30:1800+30"]

1. e4 c6 2. d4 d5 3. e5 Bf5 4. h4 h5 5. Bd3 Bxd3 6. Qxd3 Qa5+ 7. b4 Qxb4+ 8. Nd2 {[%emt 0:01:40] Strongly threatening Rb1. The position is equal.} e6 9. Ngf3 (9. Rb1 $11 Qe7 10. Ne2) 9... Qa4 $1 $17 {[%emt 0:01:40] Black is more active.} 10. O-O Nh6 11. Rb1 b5 12. Nb3 Nf5 13. g3 Nd7 (13... Qxa2 $2 14. Ra1 $18) 14. Bd2 Rc8 (14... Qxa2 $2 15. Ra1 Qb2 16. Rfb1 $18) 15. a3 Qc4 (15... Bxa3 16. Ra1 $15) 16. Bb4 c5 (16... Bxb4 $142 17. axb4 Qxb4) 17. dxc5 Nxc5 18. Qxc4 dxc4 {[%emt 0:00:04] White is now going downhill.} ({Inferior is} 18... bxc4 19. Nxc5 a5 (19... Bxc5 $2 {is the wrong capture.} 20. Bxc5 Kd7 21. Bxa7 $18) 20. Nxe6 axb4 21. Nxf8 bxa3 22. Rb7 (22. Ra1 Ra8 $11) 22... Kxf8 (22... Rxf8 23. Ra7 $14) 23. Ra7 $16) 19. Nbd2 ({Better is} 19. Nxc5 Bxc5 20. Kg2) 19... a6 $1 20. Kg2 {[%emt 0:05:28] [#]} Na4 $1 21. Ne4 Bxb4 22. axb4 Ke7 23. Rfd1 Rhd8 24. Rxd8 Rxd8 25. Ra1 (25. Ned2 {was the only defense.}) 25... Nd4 26. Nxd4 Rxd4 $19 {[%emt 0:00:03][%mdl 4096] Endgame. KRN-KRN} 27. Kf3 {[%emt 0:01:58] [#]} c3 $1 28. Ra3 Rxb4 29. Nxc3 Nc5 30. Ne2 Rc4 31. c3 (31. Ra2 $142) 31... Kd7 32. Ra2 Kc7 33. Kg2 Kb6 {[%emt 0:01:46] Black is clearly winning.} 34. Rd2 a5 35. Rd8 (35. Rd6+ $142 Kb7 36. Nd4 Rxc3 37. Nxb5) 35... a4 36. Rb8+ Kc6 {[%emt 0:04:40] ...Nb3 would now be deadly.} 37. Nd4+ {[%emt 0:01:09] [#]} Rxd4 $1 38. cxd4 Na6 39. d5+ exd5 ({Weaker is} 39... Kxd5 40. Rxb5+ Kc4 41. Ra5 $15) 40. Ra8 Nc7 {[%emt 0:00:10] Weighted Error Value: White=0.48/Black=0.08 (flawless) .  Mistake:       	White=5     	Black=1      Inaccurate:     	White=3     	Black=1      OK:         	White=5     	Black=17     Best:        	---       	Black=1      Strong:       	---       	Black=3} 0-1

[Event "Reykjavik Open 2024"]
[Site "Reykjavik"]
[Date "2024.03.18"]
[Round "6.19"]
[White "Karamsetty, Jeevan"]
[Black "Stefansson, Hannes"]
[Result "0-1"]
[ECO "B23"]
[WhiteElo "2187"]
[BlackElo "2481"]
[Annotator "TA"]
[PlyCount "158"]
[EventDate "2024.03.12"]
[EventCountry "ISL"]
[SourceTitle "playchess.com"]
[Source "ChessBase"]
[SourceQuality "1"]
[TimeControl "40/5400+30:1800+30"]

1. e4 c5 2. Nc3 Nc6 3. Bb5 Nd4 4. Bc4 a6 5. a4 e6 6. Nge2 {[%emt 0:00:12] B23: Sizilianisch (Geschlossenes System).} Nf6 7. O-O Qc7 8. d3 Be7 9. Nxd4 cxd4 10. Ne2 Nxe4 11. dxe4 Qxc4 12. Nxd4 Bf6 $146 ({Predecessor:} 12... b6 13. c3 O-O 14. Re1 Bb7 15. Qg4 f6 16. Qg3 Rac8 17. Bf4 Rf7 18. Bd6 Bxd6 19. Qxd6 Qc7 20. Qxc7 Rxc7 21. a5 b5 22. Nc2 d6 {½-½ Milosevic,G (2403)-Golod,V (2577) Basel Hilton op 08th 2006 (4)}) 13. c3 b6 14. Bf4 Bb7 15. Re1 O-O 16. Bd6 Rfe8 17. Rc1 Bxe4 18. Rxe4 Qd5 19. Nxe6 Qxe4 20. Nc7 Rac8 21. Nxe8 Rxe8 22. Ra1 h5 23. h3 (23. Qxh5 $2 Qe1+ 24. Rxe1 Rxe1#) 23... Re6 24. Bc7 Qf5 25. Qf1 (25. Qxd7 $2 Re1+ 26. Rxe1 Qxd7 $19) 25... Rc6 26. Bb8 Qc2 27. Re1 Rc8 28. Be5 Bxe5 ({Bitte nicht} 28... Qxa4 $6 29. Bxf6 gxf6 30. Qd3 $14) (28... Qxb2 29. Rb1 Qc2 30. Bxf6 gxf6 31. Rxb6 $11) 29. Rxe5 Qxb2 30. Qxa6 Qxc3 31. Qe2 {[%emt 0:00:52] [#]} (31. Rxh5 $15 Qc1+ 32. Qf1) 31... Qc1+ (31... g6 $1 $17 32. Rb5 Qc1+ 33. Kh2 Qc7+ 34. Qe5 Qxe5+ 35. Rxe5 Kf8) 32. Kh2 $15 Qc7 33. g3 (33. Qxh5 $2 {ist das falsche Schlagen.} f6 34. f4 fxe5 $19) 33... g6 34. Qe3 h4 35. Qf4 hxg3+ 36. Qxg3 Qc6 37. Qf4 Kg7 38. Rb5 Kg8 (38... Qc3 $17) 39. Qd4 (39. Re5 $11) 39... Qc7+ (39... Qc4 {vereinfacht} 40. Qxc4 Rxc4 41. Rxb6 Rxa4 42. Rd6 Ra7) 40. Kg1 Qc1+ 41. Kg2 Qc6+ (41... Qc4 {vereinfacht} 42. Qxc4 Rxc4 43. Rxb6 Rxa4 44. Rd6 Ra7) 42. Kh2 $1 {[%emt 0:00:30] [#]} Rb8 (42... Qc4 $1 $17 43. Qxc4 Rxc4) 43. Rd5 $11 Rb7 44. Qe5 ({Vorzuziehen ist} 44. Rd6 $11 Qc5 45. Qxc5 bxc5 46. a5) 44... Qe6 $1 $15 ({Viel schwächer wäre} 44... Qxa4 45. Qe8+ Kg7 46. Qe5+ Kg8 47. Qe8+ Kg7 48. Qe5+ Kg8 $11) 45. Qd4 Qe8 (45... Ra7 $15 46. Rb5 Ra6) 46. Rd6 $11 Qb8 47. Kg1 Rc7 48. Rxd7 Rxd7 49. Qxd7 Qa8 50. Qb5 Qd8 51. Kg2 Qc7 52. Qe8+ Kg7 53. Qe4 Qc5 54. Kf1 f5 55. Qb7+ Kh6 56. Qa8 Qd4 57. Qf8+ Kh5 58. Qa3 Qe4 59. Qb3 Qc6 60. Ke2 Qd6 61. Qc4 Qe5+ 62. Kd2 Kg5 63. Qc6 Qd4+ 64. Ke2 Qb2+ 65. Kf3 Qb1 66. Qc4 Qh1+ 67. Kg3 Qg1+ 68. Kf3 Qh2 69. Qc1+ Kh5 70. Qf1 g5 71. Ke3 $2 (71. Ke2 $11 {und Weiss ist OK.}) 71... Qf4+ $19 72. Kd3 Qxa4 73. Qe2+ Kh4 74. Qb2 (74. Qe6 $142 Qd1+ (74... Kxh3 $2 75. Qxf5+ Qg4 76. Qf7 $19) 75. Kc4 Qf1+ (75... Kxh3 $2 76. Qe3+ Kg4 77. Qg3+ Kh5 78. Kb5 $19) 76. Kb4 Qxh3 (76... Qxf2 $2 77. Qh6+ Kg3 78. Qxg5+ Kxh3 79. Kb5 $19) 77. f4 gxf4 78. Qe7+ Kg3 79. Qe5) 74... Qe4+ $19 75. Kd2 Kxh3 76. Qxb6 Kg2 77. Qc5 g4 78. Qb6 f4 79. Qd8 Qf3 0-1

[Event "Reykjavik Open 2024"]
[Site "Reykjavik"]
[Date "2024.03.18"]
[Round "6.20"]
[White "Zhu, Jiner"]
[Black "Loncke, Matthieu"]
[Result "1-0"]
[ECO "B50"]
[WhiteElo "2467"]
[BlackElo "2175"]
[Annotator "TA"]
[PlyCount "81"]
[EventDate "2024.03.12"]
[EventCountry "ISL"]
[SourceTitle "playchess.com"]
[Source "ChessBase"]
[SourceQuality "1"]
[TimeControl "40/5400+30:1800+30"]

1. e4 c5 2. Nf3 d6 3. c3 Nf6 4. h3 Nc6 5. Bd3 Qc7 6. O-O e6 7. Re1 d5 8. e5 {[%emt 0:00:38] White is slightly better.} Nd7 9. Bb5 c4 10. d4 {[%emt 0:00:49] Repels Nc5} cxd3 11. Bf4 a6 (11... Qb6 $11 12. Qxd3 (12. Bxd3 Qxb2 13. Nbd2 Qxc3 $15) 12... a6 13. Bxc6 bxc6) 12. Bxd3 $14 b5 13. Nbd2 Bb7 14. Qe2 Be7 15. a3 Na5 16. b4 Nc4 17. a4 (17. Nd4 $14) 17... Ndb6 $2 (17... Nb2 $1 $11 18. Rec1 (18. axb5 Qxc3 $15) 18... bxa4) 18. axb5 $16 axb5 19. Nd4 Qd7 20. Rxa8+ Bxa8 {[%emt 0:00:10] [#]} 21. Qg4 $1 g5 (21... Kf8 22. h4 Bc6) 22. Bh2 (22. Bxg5 $142 Rg8 23. f4 (23. Bxh7 Rxg5 24. Qf4 Nxd2 $15)) 22... h5 (22... Nxd2 $2 {too greedy.} 23. Bxb5 h5 24. Qe2 $18 (24. Bxd7+ Kxd7 25. Qd1 Ndc4 $18)) 23. Qe2 {[%emt 0:00:10] White is much more active.} Na4 24. Nb1 ({Better is} 24. Rc1 $16) 24... Qb7 (24... Bd8 $14) 25. Bc2 (25. f4 $16) 25... Qb6 $14 26. Bxa4 ({White should try} 26. Qd3 $14) 26... bxa4 $11 27. Nd2 Nxd2 28. Qxd2 Bc6 29. Ra1 Bd7 30. Qe2 Qc7 ({But not} 30... Bxb4 $2 31. Rb1 $18) 31. Qe3 Qc4 32. f4 gxf4 33. Bxf4 Rg8 34. Kh2 Bd8 35. Qf3 Bb6 36. Rf1 {[%emt 0:00:20][%cal Of4g5] [#] aiming for Bg5!} Bxd4 $2 (36... Bc7 $11 {and Black stays safe.}) 37. cxd4 $18 Qxd4 $2 (37... Qc2) 38. Bg3 Rf8 39. Qf6 {[%emt 0:01:06] Black must now prevent Bh4.} (39. Qxh5 Qe3 40. Rf3 Qe4 $18) 39... Qxb4 40. Bh4 Qb6 41. Qe7# {[%emt 0:31:03] Weighted Error Value: White=0.20 (precise) /Black=0.43.  Loses game:     	---       	Black=1      Mistake:       	White=5     	Black=5      Inaccurate:     	White=2     	Black=1      OK:         	White=11    	Black=12     Best:        	White=3     	---} 1-0

[Event "Reykjavik Open 2024"]
[Site "Reykjavik"]
[Date "2024.03.18"]
[Round "6.21"]
[White "Stefansson, Vignir Vatnar"]
[Black "Mardell, Jimmy"]
[Result "0-1"]
[ECO "A12"]
[WhiteElo "2464"]
[BlackElo "2172"]
[Annotator "TA"]
[PlyCount "114"]
[EventDate "2024.03.12"]
[EventCountry "ISL"]
[SourceTitle "playchess.com"]
[Source "ChessBase"]
[SourceQuality "1"]
[TimeControl "40/5400+30:1800+30"]

1. Nf3 d5 2. c4 c6 3. g3 Nf6 4. Bg2 Bf5 5. b3 e6 6. Bb2 Be7 7. O-O O-O 8. d3 h6 9. Nbd2 Nbd7 10. Re1 Bh7 11. Qc2 a5 12. a3 Re8 13. Rad1 e5 {[%emt 0:05:54] Black has an edge.} 14. cxd5 cxd5 15. Nxe5 Nxe5 16. Bxe5 Bxa3 17. Bd4 Rc8 18. Qa2 Bb4 19. Qb2 Rc6 20. Kf1 (20. Bf1 $11) 20... Qe7 $15 {[%emt 0:12:28] Black is much more active. Black continues to play with concentration.} 21. e4 dxe4 22. dxe4 Qc7 23. Bxf6 (23. Qa1 $17) 23... Rxf6 24. Re2 (24. e5 $142 Bd3+ 25. Kg1) 24... Qd7 25. Rc1 Rd6 26. Nf3 Bxe4 27. Ne1 $2 (27. Kg1 {only move.}) 27... Bf5 {[%emt 0:03:01] [#] Strongly threatening ...Qb5. This pair of bishops is nice.} 28. Rxe8+ Qxe8 29. Nf3 {[%emt 0:00:04] Wards off Rd2} b5 {[%emt 0:03:34] White is weak on the light squares} 30. Kg1 Qd7 {[%emt 0:00:31] aiming for ...Rd1+.} 31. Qa1 {[%emt 0:00:07] [#]} (31. Qe2 {is the only way for White.}) 31... Bc2 $1 32. Bf1 (32. Ne5 Rd1+) 32... Rd1 {[%emt 0:00:45] White must now prevent ...Rxc1.} 33. Rxd1 (33. Nd4 Bc3 (33... Rxd4 34. Rxc2 Rd1 35. Rc8+ Qxc8 36. Qxd1 $15) (33... Qxd4 34. Qxd4 Rxd4 35. Rxc2 $17) (33... Rxc1 $2 34. Qxc1 Be4 35. Qe3 $19) 34. Qxc3 Rxc1 35. Nxc2) 33... Qxd1 $19 (33... Bxd1 34. Nd4 $17) 34. Qxd1 Bxd1 {[%emt 0:00:04][%mdl 4096] Endgame. KBB-KBN} 35. Nd4 a4 ({Less strong is} 35... Bc5 36. Be2 $19) 36. bxa4 bxa4 37. Bc4 Bc5 38. Nb5 Bb3 39. Bxb3 (39. Be2 $142) 39... axb3 {[%emt 0:00:04] KB-KN} 40. Nc3 Bd4 41. Nb1 f5 42. Kf1 Kf7 43. Ke2 Ke6 44. f3 g5 45. h3 h5 {[%emt 0:08:23] ...Be5 is the strong threat.} 46. Nd2 b2 {[%emt 0:00:15] Hoping for ...Ke5.} 47. Kd3 Kd5 (47... Be5 $142 48. Kc2 Bxg3 49. Kxb2 Ke5) 48. Kc2 Bf6 49. Kd3 Be5 50. g4 fxg4 {[%emt 0:01:27] Black mates.} 51. fxg4 h4 52. Nb1 Bf4 53. Nc3+ Ke5 54. Ke2 Bc1 55. Nb1 Kf4 56. Kf2 Be3+ 57. Ke2 Bc5 {[%emt 0:00:48] Weighted Error Value: White=0.60/Black=0.42.  Mistake:       	White=7     	---        Inaccurate:     	White=2     	Black=3      OK:         	White=9     	Black=8      Best:        	White=2     	Black=3} 0-1

[Event "Reykjavik Open 2024"]
[Site "Reykjavik"]
[Date "2024.03.18"]
[Round "6.22"]
[White "Ornolfsson, Magnus P."]
[Black "Larkin, Vladyslav"]
[Result "0-1"]
[ECO "B07"]
[WhiteElo "2163"]
[BlackElo "2450"]
[Annotator "TA"]
[PlyCount "90"]
[EventDate "2024.03.12"]
[EventCountry "ISL"]
[SourceTitle "playchess.com"]
[Source "ChessBase"]
[SourceQuality "1"]
[TimeControl "40/5400+30:1800+30"]

1. e4 d6 2. d4 Nf6 3. Nc3 c6 4. Nf3 Bg4 5. Be2 e6 6. h3 Bh5 7. O-O Be7 8. Re1 d5 9. exd5 Bxf3 10. Bxf3 cxd5 {[%emt 0:00:04] White has an edge.} 11. Bg5 {[%emt 0:05:11] Black should prevent Bxf6.} O-O 12. Qd3 Nc6 13. Nd1 Qb6 14. c3 Rfc8 15. b3 Rc7 16. Ne3 Rd7 17. Bxf6 ({Better is} 17. Nc2 $11) 17... Bxf6 $15 18. Ng4 Qd8 19. Rad1 Rc8 20. Nxf6+ Qxf6 21. Qe3 g6 22. g4 Ne7 23. Bg2 g5 24. Rc1 Ng6 25. Red1 Nf4 26. Bf1 a6 {[%emt 0:02:04] Black is more active.} 27. Kh2 Kg7 28. Bd3 Rdc7 29. Bf1 h5 30. gxh5 Nxh5 31. c4 Nf4 32. c5 Rh8 33. Qe5 Qxe5 34. dxe5 a5 35. a3 Ng6 36. Re1 Rh4 37. Re3 Rd4 38. Kg3 Rc8 39. Bb5 Rd2 40. Bf1 Rb2 41. Bg2 Nh4 {[%emt 0:00:39] [#] Strongly threatening ...Nf5+.} 42. Rd3 Nf5+ 43. Kg4 $2 (43. Kh2) 43... Rxf2 $19 {[%emt 0:00:35] ( -> ...Rh8)} 44. Bxd5 Kg6 45. h4 Rh8 {[%emt 0:00:13] Weighted Error Value: White=0.43/Black=0.07 (flawless) .  Mistake:       	White=2     	---        Inaccurate:     	White=4     	Black=2      OK:         	White=7     	Black=17     Best:        	White=1     	---} 0-1

[Event "Reykjavik Open 2024"]
[Site "Reykjavik"]
[Date "2024.03.18"]
[Round "6.23"]
[White "Injac, Teodora"]
[Black "Mai, Alexander Oliver"]
[Result "1/2-1/2"]
[ECO "A13"]
[WhiteElo "2434"]
[BlackElo "2160"]
[Annotator "TA"]
[PlyCount "72"]
[EventDate "2024.03.12"]
[EventCountry "ISL"]
[SourceTitle "playchess.com"]
[Source "ChessBase"]
[SourceQuality "1"]
[TimeControl "40/5400+30:1800+30"]

1. c4 e6 2. Nf3 d5 3. g3 Nf6 4. Bg2 dxc4 5. Qa4+ Bd7 {[%emt 0:00:07] Die Stellung ist ausgeglichen.} 6. Qxc4 c5 7. Ne5 Qc8 8. O-O Nc6 9. Nxd7 Qxd7 10. b3 Rc8 11. Qc2 Be7 12. Bb2 O-O 13. Nc3 Rfd8 14. Rad1 b6 15. Qb1 h6 16. Rfe1 Qe8 17. Ne4 Nxe4 18. Qxe4 Rd6 19. Bc3 Qd8 20. Qb1 Bf6 21. Qa1 Bxc3 22. dxc3 Qd7 23. Rxd6 Qxd6 24. Rd1 Qc7 25. Qb1 Rd8 26. Bxc6 Rxd1+ 27. Qxd1 Qxc6 $11 {[%emt 0:00:07][%mdl 4096] Endspiel. KQ-KQ} 28. Qd8+ Kh7 29. Qe7 Qe4 30. Qxf7 Qxe2 31. Qxa7 Qe1+ 32. Kg2 Qe4+ 33. Kf1 Qd3+ 34. Kg1 Qb1+ 35. Kg2 Qe4+ 36. Kg1 Qb1+ {[%emt 0:00:43] Nicht viel passiert in dieser Partie.   Gewichteter Fehlerwert: Weiß=0.03 (makellos) /Schwarz=0.02 (makellos) .  Ungenau:       	Weiß=1     	---        OK:         	Weiß=7     	Schwarz=18    Bester:       	---       	Schwarz=2} 1/2-1/2

[Event "Reykjavik Open 2024"]
[Site "Reykjavik"]
[Date "2024.03.18"]
[Round "6.24"]
[White "Haldorsen, Benjamin"]
[Black "Pujari, Rucha"]
[Result "1/2-1/2"]
[ECO "C85"]
[WhiteElo "2426"]
[BlackElo "2147"]
[Annotator "TA"]
[PlyCount "76"]
[EventDate "2024.03.12"]
[EventCountry "ISL"]
[SourceTitle "playchess.com"]
[Source "ChessBase"]
[SourceQuality "1"]
[TimeControl "40/5400+30:1800+30"]

1. e4 e5 2. Nf3 Nc6 3. Bb5 a6 4. Ba4 Nf6 5. O-O Be7 6. Bxc6 dxc6 7. Nc3 Nd7 8. d4 exd4 9. Nxd4 O-O 10. Nf5 Bf6 {[%emt 0:07:11] White has an edge.} 11. Qe1 Nb6 12. Ng3 Re8 13. Be3 Qe7 14. f4 Nc4 (14... Nd5 $5) 15. b3 Bxc3 16. Qxc3 Nxe3 17. Qxe3 f5 18. e5 (18. Nxf5 $2 {perishes.} Bxf5 (18... Qxe4 19. Qxe4 Rxe4 20. Ng3 $14) 19. e5 Bxc2 $19) 18... Be6 19. Ne2 c5 20. Rfd1 Rad8 21. h3 Bd5 22. c4 Be6 23. Nc3 b6 24. Kh2 h6 25. Rd3 ({White should try} 25. g3 $14) 25... Rxd3 $11 26. Qxd3 Rd8 27. Qf3 Rd4 28. Rd1 Qd7 29. Nd5 ({White should play} 29. a4 $11) 29... b5 $15 30. Rxd4 cxd4 31. Qd3 bxc4 (31... a5 $17) 32. bxc4 Bxd5 33. cxd5 {[%emt 0:00:04] The position is equal.} Qxd5 {[%emt 0:00:05] [#] And now ...Qe4 would win.} 34. Qxf5 $17 {[%emt 0:00:09] KQ-KQ} d3 35. Qc8+ Kh7 {[%emt 0:00:43] ...d2 is the strong threat.} 36. Qf5+ Kg8 {[%emt 0:00:41][%cal Od3d2] Strongly threatening ...d2!} 37. Qc8+ Kh7 {[%emt 0:00:03] [#] Threatens to win with ...d2.} 38. Qf5+ Kg8 {[%emt 0:00:57] Weighted Error Value: White=0.11 (very precise) /Black=0.10 (very precise) .  Mistake:       	White=2     	Black=1      Inaccurate:     	White=2     	Black=4      OK:         	White=9     	Black=13     Best:        	White=2     	Black=2} 1/2-1/2